General information
- name: BNet
- type: Ladder team game (AT/RT)
- host: Battle.net
- saver: HlGHPER.CH
map: FullScaleAssault
- players: 8
- length: 09:51
- speed: Fast
- version: 1.24 W3XP
- replay type: Public
» download(54 KB)
Players
team 1 (loser)
dont_suck (
red | 69 APM | 671 actions | 09:42)
3 Keeper of the Grove
2 Entangling Roots
1 Thorns Aura
» actions
| Assign group hotkey | 12 | |
| Basic commands | 59 | |
| Build / train | 31 | |
| Enter build submenu | 15 | |
| Enter hero's abilities submenu | 3 | |
| Remove unit from queue | 4 | |
| Right click | 256 | |
| Select / deselect | 146 | |
| Select group hotkey | 117 | |
| Use ability | 28 | |
671 total
» units
» buildings
| Ancient of War | 3 | |
| Moon Well | 4 | |
| Altar of Elders | 1 | |
| Hunter's Hall | 1 | |
| Ancient Protector | 2 | |
| Tree of Ages | 1 | |
| Tree of Life | 1 | |
13 total
» build order
00:19 Ancient of War
00:20 Moon Well
00:35 Altar of Elders
00:47 Ancient of War
01:52 Hunter's Hall
02:23 Moon Well
02:46 Ancient of War
03:19 Ancient Protector
03:40 Moon Well
06:28 Tree of Ages
06:29 Moon Well
07:06 Tree of Life
08:54 Ancient Protector
HlGHPER.CH (
orange | 43 APM | 423 actions | 09:51)
1 Archmage
1 Blizzard
» actions
| Basic commands | 3 | |
| Build / train | 26 | |
| Enter build submenu | 4 | |
| Enter hero's abilities submenu | 1 | |
| Right click | 291 | |
| Select / deselect | 74 | |
| Use ability | 24 | |
423 total
» units
» buildings
» build order
00:11 Altar of Kings
00:14 Altar of Kings
00:18 Farm
01:01 Farm
» items
| Boots of Speed | 1 | |
| Staff of Teleportation | 1 | |
| Scroll of Town Portal | 1 | |
3 total

»
BasherOvBibles (
yellow | 28 APM | 275 actions | 09:51)
4 Death Knight
2 Death Coil
2 Unholy Aura
» actions
| Assign group hotkey | 6 | |
| Basic commands | 13 | |
| Build / train | 33 | |
| Enter build submenu | 15 | |
| Enter hero's abilities submenu | 4 | |
| Give item / drop item | 2 | |
| Right click | 73 | |
| Select / deselect | 84 | |
| Select group hotkey | 14 | |
| Use ability | 31 | |
275 total
» units
» upgrades
| Cannibalize | 1 | |
| Unholy Strength | 2 | |
| Unholy Armor | 1 | |
4 total
» buildings
| Crypt | 1 | |
| Ziggurat | 5 | |
| Altar of Darkness | 1 | |
| Nerubian Tower | 1 | |
| Tomb of Relics | 1 | |
| Halls of the Dead | 1 | |
| Graveyard | 1 | |
| Black Citadel | 1 | |
| Temple of the Damned | 1 | |
13 total
» build order
00:12 Crypt
00:19 Ziggurat
00:28 Altar of Darkness
01:15 Ziggurat
02:23 Ziggurat
02:26 Nerubian Tower
03:06 Tomb of Relics
04:13 Halls of the Dead
04:18 Graveyard
04:30 Ziggurat
05:20 Ziggurat
07:16 Black Citadel
09:08 Temple of the Damned
» items
| Rod of Necromancy | 1 | |
| Dust of Appearance | 1 | |
2 total

»
SoraKM (
green | 7 APM | 66 actions | 09:36)
» actions
| Basic commands | 1 | |
| Build / train | 7 | |
| ESC pressed | 1 | |
| Enter build submenu | 5 | |
| Right click | 14 | |
| Select / deselect | 33 | |
| Use ability | 5 | |
66 total
» units
» buildings
| Orc Burrow | 1 | |
| Altar of Storms | 1 | |
| War Mill | 1 | |
| Barracks | 1 | |
4 total
» build order
00:06 Orc Burrow
00:08 Altar of Storms
00:46 War Mill
01:01 Barracks
team 2 (winner)
TAKE(THIS) (
teal | 30 APM | 291 actions | 09:51)
3 Blademaster
2 Wind Walk
1 Critical Strike
» actions
| Assign group hotkey | 1 | |
| Build / train | 26 | |
| Enter build submenu | 9 | |
| Enter hero's abilities submenu | 3 | |
| Give item / drop item | 1 | |
| Right click | 110 | |
| Select / deselect | 122 | |
| Use ability | 19 | |
291 total
» units
» upgrades
| Pillage | 1 | |
| Melee Weapons | 1 | |
| Armor | 1 | |
3 total
» buildings
| Orc Burrow | 3 | |
| Altar of Storms | 1 | |
| Barracks | 1 | |
| Voodoo Lounge | 1 | |
| War Mill | 1 | |
| Stronghold | 1 | |
| Great Hall | 1 | |
| Fortress | 1 | |
| Spirit Lodge | 1 | |
11 total
» build order
00:07 Orc Burrow
00:08 Altar of Storms
01:19 Barracks
02:00 Orc Burrow
02:09 Voodoo Lounge
03:19 Orc Burrow
03:41 War Mill
06:06 Stronghold
06:12 Great Hall
08:55 Fortress
08:58 Spirit Lodge
» items
human-keev (
pink | 36 APM | 351 actions | 09:51)
3 Archmage
2 Blizzard
1 Brilliance Aura
» actions
| Basic commands | 8 | |
| Build / train | 28 | |
| Enter build submenu | 12 | |
| Enter hero's abilities submenu | 3 | |
| Remove unit from queue | 1 | |
| Right click | 163 | |
| Select / deselect | 111 | |
| Use ability | 25 | |
351 total
» units
» upgrades
» buildings
| Altar of Kings | 1 | |
| Farm | 6 | |
| Lumber Mill | 1 | |
| Barracks | 2 | |
| Keep | 2 | |
| Blacksmith | 1 | |
| Scout Tower | 1 | |
| Castle | 1 | |
15 total
» build order
00:06 Altar of Kings
00:13 Farm
00:52 Farm
01:01 Lumber Mill
01:08 Barracks
02:08 Farm
03:17 Farm
03:20 Keep
04:15 Farm
04:33 Blacksmith
05:08 Farm
05:52 Scout Tower
06:01 Barracks
06:43 Castle
suck.it101 (
purple | 21 APM | 206 actions | 09:51)
1 Paladin
1 Divine Shield
» actions
| Build / train | 26 | |
| Enter build submenu | 18 | |
| Enter hero's abilities submenu | 1 | |
| Right click | 60 | |
| Select / deselect | 82 | |
| Use ability | 19 | |
206 total
» units
» upgrades
| Defend | 1 | |
| Lumber Harvesting | 1 | |
| Swords | 1 | |
| Armor | 1 | |
4 total
» buildings
| Altar of Kings | 1 | |
| Farm | 9 | |
| Barracks | 1 | |
| Lumber Mill | 1 | |
| Keep | 1 | |
| Blacksmith | 1 | |
| Arcane Vault | 1 | |
| Gryphon Aviary | 3 | |
| Castle | 1 | |
19 total
» build order
00:29 Altar of Kings
00:42 Farm
00:57 Barracks
01:21 Farm
01:37 Lumber Mill
01:58 Farm
02:41 Farm
03:23 Farm
03:26 Keep
04:04 Farm
04:46 Farm
05:35 Blacksmith
05:49 Arcane Vault
06:14 Gryphon Aviary
06:35 Gryphon Aviary
06:39 Castle
07:02 Farm
07:48 Farm
07:53 Gryphon Aviary
Spancakes (
blue | 35 APM | 347 actions | 09:51)
2 Priestess of the Moon
1 Trueshot Aura
1 Searing Arrows
» actions
| Build / train | 27 | |
| Enter build submenu | 16 | |
| Enter hero's abilities submenu | 2 | |
| Right click | 155 | |
| Select / deselect | 132 | |
| Use ability | 15 | |
347 total
» units
| Wisp | 10 | |
| Archer | 7 | |
| Glaive Thrower | 2 | |
19 total
» upgrades
| Strength of the Moon | 1 | |
| Moon Armor | 1 | |
| Vorpal Blades | 1 | |
| Strength of the Wild | 1 | |
4 total
» buildings
| Moon Well | 5 | |
| Ancient of War | 1 | |
| Altar of Elders | 1 | |
| Hunter's Hall | 1 | |
| Tree of Ages | 1 | |
| Ancient of Lore | 2 | |
11 total
» build order
00:06 Moon Well
00:10 Ancient of War
00:14 Altar of Elders
01:50 Moon Well
02:56 Moon Well
03:22 Hunter's Hall
04:04 Moon Well
05:13 Moon Well
05:21 Tree of Ages
09:12 Ancient of Lore
09:19 Ancient of Lore
Chat log
(01:22 / Allies) SoraKM: Hello.
(01:25 / All) HlGHPER.CH: Hello.
(01:26 / Allies) BasherOvBibles: hey
(01:32 / Allies) SoraKM: units?
(01:35 / Allies) dont_suck: hunts
(01:36 / All) HlGHPER.CH: green types like this: "Hello."
(01:56 / Allies) BasherOvBibles: oj r u bsing?
(02:04 / Allies) HlGHPER.CH: yes
(02:08 / Allies) BasherOvBibles: ok
(02:12 / Allies) BasherOvBibles: just checking
(02:18 / Allies) dont_suck: can you let us know sooner so i can help
(02:29 / Allies) SoraKM: Mmm.
(02:36 / Allies) SoraKM: The second one today.
(02:39 / All) HlGHPER.CH: Mmm.
(02:46 / Allies) SoraKM: Orange, how many people do you do this to per day?
(02:47 / All) HlGHPER.CH: I love anime and being a nerd.
(02:51 / All) HlGHPER.CH: I'm green
(02:56 / All) HlGHPER.CH: nerd retard
(03:04 / Allies) SoraKM: Alright, well, at least read what I have to say:
(03:16 / Allies) SoraKM: Sure, you can go around tk-ing people all day for your own amusement.
(03:18 / Allies) SoraKM: But, eventually,
(03:19 / All) HlGHPER.CH: i do
(03:24 / Allies) SoraKM: You will run into somebody who doesn't like it.
(03:29 / All) HlGHPER.CH: lol
(03:29 / All) HlGHPER.CH: and
(03:32 / Allies) SoraKM: One, that has more abilities than you.
(03:35 / All) HlGHPER.CH: and
(03:40 / Allies) SoraKM: One, that knows things.
(03:44 / All) HlGHPER.CH: and
(03:54 / Allies) SoraKM: Quite frankly,
(04:03 / All) HlGHPER.CH: go on
(04:05 / All) HlGHPER.CH: type faster please
(04:06 / Allies) SoraKM: I don't like having my source of entertainment distrupted by people of the likes of you.
(04:13 / Allies) HlGHPER.CH: you're a nerd
(04:18 / Allies) SoraKM: Sure.
(04:19 / All) HlGHPER.CH: so
(04:22 / All) HlGHPER.CH: what is going to happen
(04:23 / Allies) SoraKM: Now,
(04:26 / Allies) SoraKM: Oh?
(04:32 / Allies) SoraKM: You have 2 options.
(04:38 / All) HlGHPER.CH: get to the point
(04:41 / Allies) SoraKM: You can either leave in the next 15 seconds, or stay.
(04:50 / All) HlGHPER.CH: ok?
(04:54 / Allies) SoraKM: Stay, and within 2 minutes, you will have brought upon you me.
(05:00 / All) HlGHPER.CH: ok?
(05:01 / Allies) SoraKM: Chose now.
(05:04 / All) HlGHPER.CH: chose now
(05:05 / Allies) SoraKM: Choose*
(05:07 / All) HlGHPER.CH: i choose
(05:09 / All) HlGHPER.CH: i'll stay
(05:11 / All) HlGHPER.CH: do your worst
(05:12 / Allies) SoraKM: Alright bud.
(05:21 / Allies) SoraKM: Starting it up then.
(05:22 / All) HlGHPER.CH: it's 4:03
(05:25 / Allies) SoraKM: Give me 2 minutes.
(05:31 / All) HlGHPER.CH: hope to see something sweet by 4:06
(05:36 / Allies) SoraKM: You will see nothing.
(05:38 / All) HlGHPER.CH: lol
(05:49 / Allies) SoraKM: If anything, it will be anti-climactic for you.
(05:55 / All) HlGHPER.CH: ok
(06:21 / All) HlGHPER.CH: have i brought you upon myself yet.
(06:24 / All) HlGHPER.CH: 4:05
(06:49 / All) TAKE(THIS): omg
(06:53 / All) TAKE(THIS): drop u nigger
(06:55 / All) HlGHPER.CH: lol
(07:11 / Allies) SoraKM: I am done.
(07:11 / All) TAKE(THIS): projects have bad connection
(07:13 / All) HlGHPER.CH: nice
(07:27 / All) HlGHPER.CH: how did it go
(07:35 / Allies) SoraKM: Fine. You left me no proxies.
(07:44 / All) HlGHPER.CH: ok
(07:51 / All) HlGHPER.CH: you get my ip address?
(07:56 / Allies) SoraKM: Lol,
(07:59 / Allies) SoraKM: What good would that do me?
(08:10 / All) HlGHPER.CH: well you can't exactly do anything without it
(08:12 / Allies) SoraKM: I am of dissapoint.
(08:16 / Allies) SoraKM: Oh, you can't?
(08:16 / All) HlGHPER.CH: dissapoint
(08:24 / All) HlGHPER.CH: nope
(08:29 / Allies) SoraKM: Orange, you will have pain.
(08:31 / All) HlGHPER.CH: lol
(08:36 / Allies) SoraKM: You distrupted me.
(08:39 / Allies) SoraKM: I don't like distruptions.
(08:41 / All) HlGHPER.CH: distrupted
(08:45 / All) HlGHPER.CH: distruptions
(08:46 / Allies) SoraKM: :\
(08:49 / Allies) SoraKM: Well,
(08:56 / All) HlGHPER.CH: only one 't' in 'disrupt'
(08:58 / Allies) SoraKM: I have nothing else to say.
(09:01 / All) HlGHPER.CH: nice
(09:01 / All) HlGHPER.CH: bye
(09:13 / All) HlGHPER.CH: give me a call when i'm hacked
(09:14 / Allies) SoraKM: In five to six days, your computer will cease to function.
(09:18 / All) HlGHPER.CH: 647-869-9830
(09:18 / Allies) SoraKM: Enjoy the pain, savor it.
(09:22 / All) HlGHPER.CH: lmao
(09:24 / Allies) SoraKM: Also, orange.
(09:27 / All) HlGHPER.CH: yes
(09:28 / All) TAKE(THIS): gg red
(09:35 / Allies) SoraKM: I just got the last word in on you. Don't come to me crying. You won't get through, friend.
(09:40 / All) HlGHPER.CH: lol